AoeStats
← arec

Arabia

510293119Analyzed
1v1 RM · 1d ago on Sep 30, 2026· 49m 57s· 2 players
Game mode
Random Map
Map size
Tiny (2 player)
Population
200
Speed
Normal
Resources
Standard
Victory
Conquest
Starting age
Dark Age
Ending age
Imperial Age
RankedLock teamsTeams togetherTeam positionsShared explorationLock speedFull tech treeHidden civsTurbo modeCheats
Victory
Defeat
🇳🇿 Britons · New Zealand
1372
+14
🇬🇧 Chinese · United Kingdom
1337
-14
arec
0:26 Loom
8:46 Feudal Age
9:35 Double-Bit Axe
16:21 Fletching
20:59 Castle Age
20:52 Forging
21:57 Town Watch
27:49 Wheelbarrow
27:27 Bow Saw
27:05 Horse Collar
28:22 Heavy Plow
29:40 Crossbowman
30:53 Bodkin Arrow
37:09 Imperial Age
34:54 Scale Barding Armor
35:25 Iron Casting
34:12 Light Cavalry
35:02 Bloodlines
35:56 Elite Skirmisher
36:39 Padded Archer Armor
37:20 Ballistics
37:59 Bracer
38:15 Leather Archer Armor
41:02 Pikeman
41:42 Squires
41:46 Scale Mail Armor
42:17 Ring Archer Armor
42:23 Iron Casting
42:29 Hand Cart
42:15 Town Patrol
42:38 Halberdier
45:55 Cavalier
46:36 Husbandry
Misc_Leopard
6:50 Loom
9:15 Feudal Age
9:29 Man-at-Arms
15:28 Padded Archer Armor
18:26 Fletching
20:37 Double-Bit Axe
24:29 Castle Age
24:42 Horse Collar
25:52 Bow Saw
28:46 Heavy Plow
30:12 Bodkin Arrow
30:40 Crossbowman
32:08 Sanctity
31:54 Stone Mining
39:04 Imperial Age
37:11 Wheelbarrow
39:25 Leather Archer Armor
39:17 Arbalester
40:06 Bracer
41:49 Ring Archer Armor
42:25 Chemistry
41:46 Ballistics
41:14 Pikeman
41:56 Scale Mail Armor
42:06 Forging
42:00 Elite Skirmisher
43:19 Warwolf
44:42 Chain Mail Armor
45:02 Iron Casting
44:35 Scale Barding Armor
44:32 Treadmill Crane
45:02 Masonry
44:42 Light Cavalry
46:35 Husbandry
47:23 Chain Barding Armor
48:04 Blast Furnace
50:13 Conscription
Connection lost

Rejoining the realm…

Still unreachable

The connection could not be restored.

Session expired

The server has moved on; the page needs a fresh start.